TOP OF THE 1ST |
Cincinnati Pride batting - Pitching for Minnesota Death Stars : RHP Gavin Robbins
|
Pitching: RHP Gavin Robbins
|
|
Batting: RHB Larry Booth
|
0-0: Fly out, F9 (Flyball, 9M)
|
Batting: SHB Rafael Villa
|
0-0: Fly out, F6 (Popup, 6MD)
|
Batting: RHB Michael Skinner
|
0-0: Called Strike 0-1: Ball 1-1: Ball 2-1: Ground out 6-3 (Groundball, 6)
|
Top of the 1st over - 0 run(s), 0 hit(s), 0 error(s), 0 left on base; Cincinnati 0 - Minnesota 0 |
BOTTOM OF THE 1ST |
Minnesota Death Stars batting - Pitching for Cincinnati Pride : RHP Jesús Martínez
|
Pitching: RHP Jesús Martínez
|
|
Batting: RHB José Pérez
|
0-0: Ball 1-0: Foul Ball, location: 2F 1-1: Ground out U3 (Groundball, 3S)
|
Batting: RHB Peter Dixon
|
0-0: Ball 1-0: Foul Ball, location: 2F 1-1: Fly out, F6 (Popup, 6M)
|
Batting: LHB Chris Loudermilk
|
0-0: Ball 1-0: Ball 2-0: Ball 3-0: Called Strike 3-1: Base on Balls
|
Batting: RHB Herb Ashley
|
0-0: Ground out 6-3 (Groundball, 6)
|
Bottom of the 1st over - 0 run(s), 0 hit(s), 0 error(s), 1 left on base; Cincinnati 0 - Minnesota 0 |
TOP OF THE 2ND |
Cincinnati Pride batting - Pitching for Minnesota Death Stars : RHP Gavin Robbins
|
Batting: RHB Roberto Chávez
|
0-0: Foul Ball, location: 2F 0-1: Foul Ball, location: 2F 0-2: Strikes out swinging
|
Batting: RHB Randy Simons
|
0-0: Ball 1-0: Ball 2-0: Fly out, F5 (Popup, 56S)
|
Batting: LHB Marvin Morris
|
0-0: Swinging Strike 0-1: Swinging Strike 0-2: Strikes out looking
|
Top of the 2nd over - 0 run(s), 0 hit(s), 0 error(s), 0 left on base; Cincinnati 0 - Minnesota 0 |
BOTTOM OF THE 2ND |
Minnesota Death Stars batting - Pitching for Cincinnati Pride : RHP Jesús Martínez
|
Batting: RHB Jorge Martínez
|
0-0: Called Strike 0-1: Foul Ball, location: 2F 0-2: Ball 1-2: Strikes out swinging
|
Batting: RHB Miguel Hurtado
|
0-0: Ball 1-0: Swinging Strike 1-1: Ball 2-1: Called Strike 2-2: Strikes out swinging
|
Batting: LHB Lucas Coleman
|
0-0: Ball 1-0: Ball 2-0: Ball 3-0: Called Strike 3-1: Base on Balls
|
Batting: RHB John Brown
|
0-0: Called Strike 0-1: Called Strike 0-2: Ball 1-2: Strikes out swinging
|
Bottom of the 2nd over - 0 run(s), 0 hit(s), 0 error(s), 1 left on base; Cincinnati 0 - Minnesota 0 |
TOP OF THE 3RD |
Cincinnati Pride batting - Pitching for Minnesota Death Stars : RHP Gavin Robbins
|
Batting: RHB Pablo Gómez
|
0-0: Ball 1-0: Foul Ball, location: 2F 1-1: Ball 2-1: Ground out 4-3 (Groundball, 4)
|
Batting: RHB Wilson Flores
|
0-0: Ball 1-0: Foul Ball, location: 2F 1-1: Ground out 4-3 (Groundball, 4)
|
Batting: RHB Norris Howard
|
0-0: Called Strike 0-1: Ball 1-1: Foul Ball, location: 2F 1-2: DOUBLE (Flyball, 7LS)
|
Batting: RHB Larry Booth
|
0-0: Called Strike 0-1: Ball 1-1: Foul Ball, location: 2F 1-2: Ball 2-2: Foul Ball, location: 2F 2-2: Ball 3-2: Foul Ball, location: 2F 3-2: Base on Balls
|
Batting: SHB Rafael Villa
|
0-0: Called Strike 0-1: Ball 1-1: Ball 2-1: Ball 3-1: Base on Balls Norris Howard to third Larry Booth to second
|
Batting: RHB Michael Skinner
|
0-0: Ball 1-0: Swinging Strike 1-1: Ball 2-1: Fielders Choice at 2nd, 5-4 (Groundball, 5D)
|
Top of the 3rd over - 0 run(s), 1 hit(s), 0 error(s), 2 left on base; Cincinnati 0 - Minnesota 0 |
BOTTOM OF THE 3RD |
Minnesota Death Stars batting - Pitching for Cincinnati Pride : RHP Jesús Martínez
|
Batting: LHB Sixto Cortés
|
0-0: Called Strike 0-1: Ball 1-1: Foul Ball, location: 2F 1-2: Foul Ball, location: 2F 1-2: Ball 2-2: SINGLE (Flyball, 78M)
|
Batting: RHB José Pérez
|
0-0: Foul Ball, location: 2F 0-1: Foul Ball, location: 2F 0-2: Foul Ball, location: 2F 0-2: Foul Ball, location: 2F 0-2: Ball 1-2: Ball 2-2: Ball Wild Pitch! Sixto Cortés to second 3-2: Base on Balls
|
Batting: RHB Peter Dixon
|
0-0: Grounds into double play, 6-4-3 (Groundball, 6) Sixto Cortés to third
|
Batting: LHB Chris Loudermilk
|
0-0: Foul Ball, location: 2F 0-1: Called Strike 0-2: Strikes out swinging
|
Bottom of the 3rd over - 0 run(s), 1 hit(s), 0 error(s), 1 left on base; Cincinnati 0 - Minnesota 0 |
TOP OF THE 4TH |
Cincinnati Pride batting - Pitching for Minnesota Death Stars : RHP Gavin Robbins
|
Batting: RHB Roberto Chávez
|
0-0: Foul Ball, location: 2F 0-1: Ball 1-1: Swinging Strike 1-2: Ball 2-2: Foul Ball, location: 2F 2-2: Strikes out swinging
|
Batting: RHB Randy Simons
|
0-0: Foul Ball, location: 2F 0-1: Foul Ball, location: 2F 0-2: Ball 1-2: Ball 2-2: Strikes out swinging
|
Batting: LHB Marvin Morris
|
0-0: Called Strike 0-1: Ball 1-1: Called Strike 1-2: Fly out, F7 (Popup, 78S)
|
Top of the 4th over - 0 run(s), 0 hit(s), 0 error(s), 0 left on base; Cincinnati 0 - Minnesota 0 |
BOTTOM OF THE 4TH |
Minnesota Death Stars batting - Pitching for Cincinnati Pride : RHP Jesús Martínez
|
Batting: RHB Herb Ashley
|
0-0: Ball 1-0: Called Strike 1-1: Ball 2-1: Ball 3-1: Base on Balls
|
Batting: RHB Jorge Martínez
|
0-0: Ball Herb Ashley is caught stealing 2nd base 1-0: Called Strike 1-1: SINGLE (Line Drive, 56)
|
Batting: RHB Miguel Hurtado
|
0-0: Called Strike 0-1: Ball 1-1: Ball 2-1: Called Strike 2-2: Strikes out swinging
|
Batting: LHB Lucas Coleman
|
0-0: Fly out, F7 (Flyball, 78M)
|
Bottom of the 4th over - 0 run(s), 1 hit(s), 0 error(s), 1 left on base; Cincinnati 0 - Minnesota 0 |
TOP OF THE 5TH |
Cincinnati Pride batting - Pitching for Minnesota Death Stars : RHP Gavin Robbins
|
Batting: RHB Pablo Gómez
|
0-0: Called Strike 0-1: Ball 1-1: Called Strike 1-2: Ball 2-2: Ball 3-2: Foul Ball, location: 2F 3-2: Base on Balls
|
Batting: RHB Wilson Flores
|
0-0: Ground out 5-3 (Groundball, 5) Pablo Gómez to second
|
Batting: RHB Norris Howard
|
0-0: Ball 1-0: Called Strike 1-1: Ball 2-1: Foul Ball, location: 2F 2-2: SINGLE (Line Drive, 6MD) Pablo Gómez to third Runner from 3rd tries for Home, SAFE, throw made home Norris Howard to second
|
Batting: RHB Larry Booth
|
0-0: Called Strike 0-1: Ball 1-1: Called Strike Norris Howard is caught stealing 3rd base 1-2: Strikes out looking
|
Top of the 5th over - 1 run(s), 1 hit(s), 0 error(s), 0 left on base; Cincinnati 1 - Minnesota 0 |
BOTTOM OF THE 5TH |
Minnesota Death Stars batting - Pitching for Cincinnati Pride : RHP Jesús Martínez
|
Batting: RHB John Brown
|
0-0: Ball 1-0: Foul Ball, location: 2F 1-1: Swinging Strike 1-2: Ball 2-2: Strikes out swinging
|
Batting: LHB Sixto Cortés
|
0-0: Called Strike 0-1: Ball 1-1: Ball 2-1: Ball 3-1: Swinging Strike 3-2: Foul Ball, location: 2F 3-2: Foul Ball, location: 2F 3-2: Base on Balls
|
Batting: RHB José Pérez
|
0-0: Called Strike 0-1: Foul Ball, location: 2F 0-2: Fielders Choice at 2nd, 1-4 (Groundball, 15)
|
Batting: RHB Peter Dixon
|
0-0: Ball 1-0: Called Strike 1-1: Swinging Strike 1-2: Ground out 6-3 (Groundball, 6)
|
Bottom of the 5th over - 0 run(s), 0 hit(s), 0 error(s), 1 left on base; Cincinnati 1 - Minnesota 0 |
TOP OF THE 6TH |
Cincinnati Pride batting - Pitching for Minnesota Death Stars : RHP Gavin Robbins
|
Batting: SHB Rafael Villa
|
0-0: Ground out 1-3 (Groundball, 25)
|
Batting: RHB Michael Skinner
|
0-0: Ball 1-0: Called Strike 1-1: Ball 2-1: Foul Ball, location: 2F 2-2: Fly out, F2 (Popup, 2LF)
|
Batting: RHB Roberto Chávez
|
0-0: Ball 1-0: Called Strike 1-1: Ball 2-1: Ball 3-1: Foul Ball, location: 2F 3-2: Foul Ball, location: 2F 3-2: Strikes out swinging
|
Top of the 6th over - 0 run(s), 0 hit(s), 0 error(s), 0 left on base; Cincinnati 1 - Minnesota 0 |
BOTTOM OF THE 6TH |
Minnesota Death Stars batting - Pitching for Cincinnati Pride : RHP Jesús Martínez
|
Batting: LHB Chris Loudermilk
|
0-0: Called Strike 0-1: Called Strike 0-2: Ball 1-2: Fly out, F9 (Flyball, 89M)
|
Pitching: LHP Halewijn Tipping
|
|
Batting: RHB Herb Ashley
|
0-0: Ball 1-0: Ball 2-0: Ball 3-0: Base on Balls
|
Batting: RHB Jorge Martínez
|
0-0: Ball 1-0: Ball 2-0: Ball 3-0: Base on Balls Herb Ashley to second
|
Batting: RHB Miguel Hurtado
|
0-0: Ball 1-0: Called Strike 1-1: Ball 2-1: Foul Ball, location: 2F 2-2: Grounds into double play, 6-4-3 (Groundball, 6)
|
Bottom of the 6th over - 0 run(s), 0 hit(s), 0 error(s), 1 left on base; Cincinnati 1 - Minnesota 0 |
TOP OF THE 7TH |
Cincinnati Pride batting - Pitching for Minnesota Death Stars : RHP Gavin Robbins
|
Pitching: RHP Ángel Uribe
|
|
Batting: RHB Randy Simons
|
0-0: Ball 1-0: Ball 2-0: Ground out 6-3 (Groundball, 6M)
|
Batting: LHB Marvin Morris
|
0-0: Ball 1-0: Swinging Strike 1-1: Ball 2-1: Ground out U3 (Groundball, 3S)
|
Batting: RHB Pablo Gómez
|
0-0: Ball 1-0: Called Strike 1-1: Ball 2-1: SINGLE (Line Drive, 6MD)
|
Batting: RHB Wilson Flores
|
0-0: Ball 1-0: SINGLE (Line Drive, 4MD) Pablo Gómez to second
|
Pinch Hitting: SHB Jorge García
|
0-0: SINGLE (Flyball, 7S) Pablo Gómez to third Wilson Flores to second Runner from 3rd tries for Home, SAFE, no throw or cutoff
|
Pinch Hitting: LHB Pat White
|
0-0: SINGLE (Line Drive, 34) Wilson Flores to third Jorge García to second Runner from 3rd tries for Home, SAFE, no throw or cutoff
|
Batting: SHB Rafael Villa
|
0-0: Called Strike 0-1: Foul Ball, location: 2F 0-2: Ground out 2-3 (Groundball, 23)
|
Top of the 7th over - 2 run(s), 4 hit(s), 0 error(s), 2 left on base; Cincinnati 3 - Minnesota 0 |
BOTTOM OF THE 7TH |
Minnesota Death Stars batting - Pitching for Cincinnati Pride : LHP Halewijn Tipping
|
Now at SS: Jorge García
|
|
Now in LF: Pat White
|
|
Batting: LHB Lucas Coleman
|
0-0: SINGLE (Line Drive, 4MD)
|
Batting: RHB John Brown
|
0-0: Called Strike 0-1: 2-RUN HOME RUN (Line Drive, 7LD), Distance : 350 ft
|
Batting: LHB Sixto Cortés
|
0-0: Ball 1-0: Ball 2-0: Swinging Strike 2-1: Ground out 4-3 (Groundball, 4)
|
Batting: RHB José Pérez
|
0-0: Ball 1-0: Ball 2-0: Ball 3-0: Called Strike 3-1: Fly out, F6 (Popup, 6)
|
Batting: RHB Peter Dixon
|
0-0: Called Strike 0-1: Called Strike 0-2: Ball 1-2: Ball 2-2: Ball 3-2: Strikes out swinging
|
Bottom of the 7th over - 2 run(s), 2 hit(s), 0 error(s), 0 left on base; Cincinnati 3 - Minnesota 2 |
TOP OF THE 8TH |
Cincinnati Pride batting - Pitching for Minnesota Death Stars : RHP Ángel Uribe
|
Batting: RHB Michael Skinner
|
0-0: Foul Ball, location: 2F 0-1: Called Strike 0-2: Fly out, F8 (Flyball, 8LXD)
|
Batting: RHB Roberto Chávez
|
0-0: Foul Ball, location: 2F 0-1: Ball 1-1: TRIPLE (Groundball, 5D)
|
Batting: RHB Randy Simons
|
0-0: Intentional Walk
|
Batting: LHB Marvin Morris
|
0-0: Ball Wild Pitch! Roberto Chávez scores Randy Simons to second 1-0: Intentional Walk
|
Pitching: RHP Travis Whitney
|
|
Batting: RHB Pablo Gómez
|
0-0: Ball 1-0: Foul Ball, location: 2F 1-1: Ball 2-1: Foul Ball, location: 2F 2-2: Foul Ball, location: 2F 2-2: Foul Ball, location: 2F 2-2: Ball 3-2: Base on Balls Randy Simons to third Marvin Morris to second
|
Batting: RHB Wilson Flores
|
0-0: Swinging Strike 0-1: Ball 1-1: Foul Ball, location: 2F 1-2: Ball 2-2: Ball 3-2: Strikes out looking
|
Batting: SHB Jorge García
|
0-0: Called Strike Balk! Randy Simons scores Marvin Morris to third Pablo Gómez to second 0-1: Ball 1-1: Called Strike 1-2: Ball 2-2: Fly out, F7 (Flyball, 7M)
|
Top of the 8th over - 2 run(s), 1 hit(s), 0 error(s), 2 left on base; Cincinnati 5 - Minnesota 2 |
BOTTOM OF THE 8TH |
Minnesota Death Stars batting - Pitching for Cincinnati Pride : LHP Halewijn Tipping
|
Batting: LHB Chris Loudermilk
|
0-0: Ball 1-0: Foul Ball, location: 2F 1-1: Ball 2-1: SINGLE (Flyball, 8LS)
|
Pitching: RHP Jesús Andrade
|
|
Batting: RHB Herb Ashley
|
0-0: Swinging Strike 0-1: Called Strike 0-2: Ball 1-2: Ball 2-2: SINGLE (Line Drive, 9LS) Chris Loudermilk to second
|
Batting: RHB Jorge Martínez
|
0-0: Ball 1-0: Called Strike 1-1: Ball 2-1: Ball 3-1: Swinging Strike 3-2: Base on Balls Chris Loudermilk to third Herb Ashley to second
|
Batting: RHB Miguel Hurtado
|
0-0: Called Strike 0-1: Ball 1-1: Grounds into double play, 6-4-3 (Groundball, 6M) Chris Loudermilk scores Herb Ashley to third
|
Batting: LHB Lucas Coleman
|
0-0: Called Strike 0-1: Ball 1-1: Fly out, F3 (Line Drive, 3F)
|
Bottom of the 8th over - 1 run(s), 2 hit(s), 0 error(s), 1 left on base; Cincinnati 5 - Minnesota 3 |
TOP OF THE 9TH |
Cincinnati Pride batting - Pitching for Minnesota Death Stars : RHP Travis Whitney
|
Batting: LHB Pat White
|
0-0: Ball 1-0: Fly out, F8 (Flyball, 8RM)
|
Batting: SHB Rafael Villa
|
0-0: Ball 1-0: Ball 2-0: Foul Ball, location: 2F 2-1: SINGLE (Groundball, 34D)
|
Batting: RHB Michael Skinner
|
0-0: Ball 1-0: Foul Ball, location: 2F 1-1: Swinging Strike 1-2: Foul Ball, location: 2F 1-2: Ball Wild Pitch! Rafael Villa to second 2-2: Foul Ball, location: 2F 2-2: Strikes out looking
|
Batting: RHB Roberto Chávez
|
0-0: Called Strike 0-1: Foul Ball, location: 2F 0-2: Ball 1-2: Foul Ball, location: 2F 1-2: Foul Ball, location: 2F 1-2: Strikes out looking
|
Top of the 9th over - 0 run(s), 1 hit(s), 0 error(s), 1 left on base; Cincinnati 5 - Minnesota 3 |
BOTTOM OF THE 9TH |
Minnesota Death Stars batting - Pitching for Cincinnati Pride : RHP Jesús Andrade
|
Pitching: RHP Eusébio Lagarto
|
|
Now at 3B: Juan Martínez
|
|
Batting: RHB John Brown
|
0-0: Foul Ball, location: 2F 0-1: Ball 1-1: Ball 2-1: Ball 3-1: Foul Ball, location: 2F 3-2: Strikes out swinging
|
Batting: LHB Sixto Cortés
|
0-0: Foul Ball, location: 2F 0-1: Foul Ball, location: 2F 0-2: Ball 1-2: Ground out 4-3 (Groundball, 4M)
|
Batting: RHB José Pérez
|
0-0: Called Strike 0-1: Foul Ball, location: 2F 0-2: Foul Ball, location: 2F 0-2: Ball 1-2: Ball 2-2: Ball 3-2: Base on Balls
|
Batting: RHB Peter Dixon
|
0-0: Swinging Strike 0-1: Foul Ball, location: 2F 0-2: Ball 1-2: Ball 2-2: Foul Ball, location: 2F 2-2: Strikes out looking
|
Bottom of the 9th over - 0 run(s), 0 hit(s), 0 error(s), 1 left on base; Cincinnati 5 - Minnesota 3 |
|